 Dungeon Crawl Stone Soup version 0.32-a0-666-ge8a88695a4 (webtiles) character file.

Game seed: 17248336285791325736

45 Esekla the Sneak (level 3, -1/20 HPs)
             Began as a Vine Stalker Delver on Mar 9, 2024.
             Was an Initiate of Beogh.
             Slain by Terence
             ... wielding a +0 hand axe
              (6 damage)
             ... on level 3 of the Dungeon.
             The game lasted 00:09:54 (871 turns).

Esekla the Sneak (Vine Stalker Delver)               Turns: 871, Time: 00:09:54

Health: -1/20      AC:  3    Str: 14    XL:     3   Next: 64%
Magic:  0/5        EV: 11    Int: 12    God:    Beogh [......]
Gold:   97         SH:  0    Dex: 15    Spells: 4/4 levels left

rFire   . . .        a - +0 hand axe
rCold   . . .        (no shield)
rNeg    . . .        b - +0 leather armour
rPois   .            (no helmet)
rElec   .            (no cloak)
rCorr   .            (no gloves)
SInv    .            (no boots)
Will    .....        (no amulet)
Stlth   +++          (no ring)
HPRegen 1.03/turn    (no ring)
MPRegen 0.09/turn

%: guardian spirit
@: no status effects
A: fangs 2, regeneration 1, magic shield, antimagic bite, no potion heal 2
a: Renounce Religion


You were on level 3 of the Dungeon.
You worshipped Beogh.
Beogh was noncommittal.
You visited 1 branch of the dungeon, and saw 4 of its levels.

You collected 97 gold pieces.

Inventory:

Hand Weapons
 a - a +0 hand axe (weapon)
Missiles
 l - 3 poisoned darts (quivered)
Armour
 b - a +0 leather armour (worn)
Wands
 e - a wand of charming (8)
 g - a wand of digging (3)
Scrolls
 c - a scroll of fog
 d - a scroll of revelation
 h - a scroll of amnesia {unknown}
 k - a scroll of identify {unknown}
 m - a scroll of teleportation {unknown}
 n - a scroll of brand weapon {unknown}
Potions
 i - 2 potions of curing
 j - a potion of lignification {unknown}


   Skills:
 * Level 3.0 Fighting
 + Level 2.0 Axes
 + Level 0.3 Armour
 + Level 1.6 Dodging
 + Level 6.6 Stealth
 * Level 1.1 Spellcasting


You had 4 spell levels left.
You didn't know any spells.
Your spell library was empty.

Dungeon Overview and Level Annotations

Branches:
Dungeon (6/15)
 Temple: D:4-7

Altars:
Nemelex Xobeh
Ru
Wu Jian

Annotations:
D:3 Terence


Innate Abilities, Weirdness & Mutations

You have extremely sharp teeth.
Your natural rate of healing is unusually fast.
When hurt, damage is shared between your health and your magic reserves.
Your bite disrupts and absorbs the magic of your enemies.
Potions cannot restore your health.


Message History

Found a short copper wand.
e - a wand of charming (8)
Found 2 blue potions.
i - 3 blue potions (gained 2)
Found a dagger.
A rat comes into view.
Found an escape hatch in the floor.
The goblin shouts!
There is a stone staircase leading down here.
Terence shouts!
Terence attacks as he pursues you! Terence hits you with a +0 hand axe.
You hit Terence but do no damage. Your bite misses Terence.
Terence hits you with a +0 hand axe.
You closely miss Terence. Your bite misses Terence. Terence misses you.
Terence hits you with a +0 hand axe.
You hit Terence.
Terence is lightly wounded.
Terence barely misses you.
You hit Terence. You bite Terence, but do no damage.
Terence is moderately wounded.
Terence screams, "I want your blood!" Terence hits you with a +0 hand axe.
You hit Terence but do no damage.
Terence is moderately wounded.
Terence hits you with a +0 hand axe.
You hit Terence. You bite Terence, but do no damage.
Terence is moderately wounded.
Terence closely misses you.
You hit Terence.
Terence is moderately wounded.
Terence hits you but does no damage. Terence hits you with a +0 hand axe.
You hit Terence but do no damage.
Terence is moderately wounded.
Terence hits you with a +0 hand axe!
* * * LOW HITPOINT WARNING * * *
Okay, then.
It was a potion of curing.
That felt strangely inert.
Terence hits you with a +0 hand axe!
You die...
Terence says, "Time to find some more victims."

####### ....... .......###
#### .........# #..
.........# #>#####
.....$..>############....r.
........g@@............ß...
.........######.......#####
.........#####..#####......
...............## #######
..............#######
.....................
...........)....###..
....................
#..##.......##...


You could see Terence and a goblin.

Vanquished Creatures
  A hound (D:5)
  An adder (D:4)
  2 endoplasms (D:4)
  2 giant cockroaches (D:4)
  A hobgoblin (D:4)
7 creatures vanquished.

Notes
Turn   | Place    | Note
-------+----------+-------------------------------------------
     0 | D:5      | Esekla the Vine Stalker Delver began the quest for the Orb.
     0 | D:5      | Reached XP level 1. HP: 11/11 MP: 2/2
    25 | D:5      | Found an ornate altar of the Wu Jian Council.
    25 | D:5      | Noticed a scorpion
    89 | D:5      | Noticed an orc priest
    89 | D:5      | Noticed an orc wizard
   105 | D:5      | Became a worshipper of Beogh the Shepherd
   133 | D:6      | Noticed a hound
   145 | D:5      | Noticed a phantom
   161 | D:5      | Noticed a hound
   187 | D:5      | Killed a hound
   188 | D:5      | Reached XP level 2. HP: 12/16 MP: 1/4
   188 | D:5      | Reached XP level 3. HP: 16/20 MP: 1/5
   189 | D:5      | Found a sparkling altar of Nemelex Xobeh.
   305 | D:4      | Noticed a black bear
   305 | D:4      | Noticed a killer bee
   313 | D:4      | Noticed an ogre
   317 | D:4      | Noticed a scorpion
   394 | D:4      | Found a sacrificial altar of Ru.
   679 | D:5      | Noticed an ogre
   740 | D:4      | Reached skill level 1 in Spellcasting
   790 | D:3      | Noticed Terence
   871 | D:3      | Slain by Terence

Illustrated notes

Levels and vault maps discovered:
D:3:      layout_rooms, grunt_temple_overflow_holy_war, serial_curves,
          eino_curves_02, eino_curves_03, chequers_decorated_corner,
          uniq_terence, uniq_crazy_yiuf_cottage
D:4:      cheibrodos_barr_body, layout_loops_ring, lemuel_tele_altar,
          serial_aquarium, aquarium_bridge_square [aquarium_subvault_bridge,
          aquarium_subvault_window, aquarium_subvault_window,
          aquarium_subvault_bridge], aquarium_window_fake, aquarium_window_fake,
          aquarium_window_1, aquarium_window_corridor_2, aquarium_view_2d,
          aquarium_balcony_3b, aquarium_pool_side, uniq_eustachio
D:5:      layout_loops_ring, mainiacjoe_overflow_surrounded_room, slow_altar_2,
          nemelex_diamond_rough_becter, nicolae_overflow_squiral,
          serial_bayou_lagoon_b
D:6:      layout_basic, mainiacjoe_overflow_small_starburst,
          minmay_temple_entry_proselytizer, serial_shops,
          nicolae_shop_bloodbath_and_beyond

Skill      XL: |  1  2  3 |
---------------+----------+-----
Fighting       | 3 |  3.0
Axes           | 2 |  2.0
Spellcasting   | 1 |  1.1
Armour         | |  0.3
Dodging        | |  1.6
Stealth        | |  6.6

Action                     || total
---------------------------++-------
  Melee: Hand axe          ||    33
         Bite              ||     7
 Invoke: Convert to Beogh  ||     1
    Use: Potion            ||     2
         Scroll            ||     1
   Stab: Sleeping          ||     2
 Armour: Leather armour    ||    32
  Dodge: Dodged            ||    20

Table legend: (Time is in decaauts)
 A = Elapsed time spent in this place.
 B = Non-inter-level travel time spent in this place.
 C = Inter-level travel time spent in this place.
 D = Time resting spent in this place.
 E = Time spent auto-exploring this place.
 F = Levels seen in this place.
 G = Mean time per level.
                   A        B        C        D        E       F      G
               +--------+--------+--------+--------+--------+-----+--------+
         Total |    867 |    858 |      9 |     25 |      0 |   4 |  216.8 |
       Dungeon |    867 |    858 |      9 |     25 |      0 |   4 |  216.8 |
               +--------+--------+--------+--------+--------+-----+--------+

Top non-repeatable levels by time:
     D:4: 487 daAuts
     D:5: 304 daAuts
     D:3: 74 daAuts
     D:6: 1 daAuts
